 Dungeon Crawl Stone Soup version 0.24-a0-29-g43a6aff (webtiles) character file.

Game seed: 1737407402632724466

98377 mhoghedin the Prestidigitator (level 16, -10/105 HPs)
             Began as a Kobold Fighter on Jan 29, 2019.
             Was an Initiate of Gozag.
             Killed from afar by a thorn hunter (23 damage)
             ... with a volley of thorns
             ... on level 1 of the Swamp on Feb 2, 2019.
             The game lasted 01:12:12 (32599 turns).

mhoghedin the Prestidigitator (Kobold Fighter)     Turns: 32599, Time: 01:12:12

Health: -10/105    AC: 29    Str: 24    XL:     16   Next: 72%
Magic:  0/27       EV: 18    Int: 12    God:    Gozag
Gold:   1730       SH: 18    Dex: 20    Spells: 15/15 levels left

rFire    + . .     SeeInvis +   b - +6 falchion of the Endless Expanse {freeze, rC++ MR++ Dex-3}
rCold    + + +     Gourm    .   V - +5 shield {AC+3}
rNeg     + . .     Faith    .   F - +7 plate armour of the Fiddle {Int+2 Dex+2}
rPois    +         Spirit   +   W - +0 mask of the Dragon {MR+ Slay+3 SInv}
rElec    .         Reflect  .   B - scarf {rC+ rF+}
rCorr    .         Harm     .   J - +2 pair of gloves
MR       ++++.                  u - +0 pair of boots
Stlth    ..........             M - amulet "Duoqalusk" {Spirit Fragile +Blink rN+}
HPRegen  0.27/turn              U - ring "Siann" {Ice rPois Dex+6 Stlth-}
MPRegen  0.20/turn              X - ring of fire {rF+, rC-}

@: mighty
A: small, carnivore
a: Potion Petition, Call Merchant, Bribe Branch, Renounce Religion, Evoke Blink


You were on level 1 of the Swamp.
You worshipped Gozag.
Gozag was most pleased with you.
You were hungry.

You visited 4 branches of the dungeon, and saw 24 of its levels.
You also visited: Volcano.

You collected 8215 gold pieces.
You spent 5723 gold pieces at shops.
You paid 762 gold pieces to Gozag.

Inventory:

Hand Weapons
 a - a +0 dagger of electrocution
   (You took it off an orc on level 2 of the Orcish Mines)
 b - the +6 falchion of the Endless Expanse (weapon) {freeze, rC++ MR++ Dex-3}
   (You bought it in a shop on level 2 of the Orcish Mines)

   It has been specially enchanted to freeze those struck by it, causing extra
   injury to most foes and up to half again as much damage against particularly
   susceptible opponents.
   It can also slow down cold-blooded creatures.
   It affects your dexterity (-3).
   It greatly protects you from cold.
   It affects your resistance to hostile enchantments.
Missiles
 p - 2 throwing nets {=f, !d}
Armour
 u - a +0 pair of boots (worn)
   (You found it on level 4 of the Dungeon)
 B - a scarf of resistance (worn)
   (You found it on level 12 of the Dungeon)
 F - the +7 plate armour of the Fiddle (worn) {Int+2 Dex+2}
   (You found it on level 8 of the Dungeon)

   It affects your intelligence (+2).
   It affects your dexterity (+2).
 J - a +2 pair of gloves (worn)
   (You bought it in a shop on level 2 of the Orcish Mines)
 V - a +5 shield of protection (worn)
   (You bought it in a shop on level 2 of the Orcish Mines)
 W - the +0 mask of the Dragon (worn) {MR+ Slay+3 SInv}
   (You bought it in a shop on level 2 of the Orcish Mines)

   It affects your accuracy and damage with ranged weapons and melee attacks
   (+3).
   It affects your resistance to hostile enchantments.
   It lets you see invisible.
Jewellery
 M - the amulet "Duoqalusk" (around neck) {Spirit Fragile +Blink rN+}
   (You found it on level 10 of the Dungeon)

   [amulet of guardian spirit]

   It causes incoming damage to be split between your health and magic.
   It protects you from negative energy.
   It lets you blink.
   It will be destroyed if unequipped.
 U - the ring "Siann" (left hand) {Ice rPois Dex+6 Stlth-}
   (You bought it in a shop on level 12 of the Dungeon)

   [ring of ice]

   It enhances your ice magic.
   It affects your dexterity (+6).
   It makes you vulnerable to fire.
   It protects you from cold.
   It protects you from poison.
   It makes you less stealthy.
 X - a ring of fire (right hand) {rF+, rC-}
   (You found it on level 6 of the Lair of Beasts)
Wands
 y - a wand of digging (3)
   (You found it on level 4 of the Lair of Beasts)
 C - a wand of disintegration (13)
   (You took it off an orc on level 12 of the Dungeon)
 I - a wand of iceblast (16)
   (You found it on level 13 of the Dungeon)
 K - a wand of random effects (37)
   (You found it on level 6 of the Lair of Beasts)
 L - a wand of polymorph (26)
   (You found it on level 6 of the Lair of Beasts)
 Q - a wand of flame (14)
   (You found it on level 14 of the Dungeon)
 T - a wand of acid (11)
   (You found it on level 14 of the Dungeon)
Scrolls
 e - 4 scrolls of enchant armour
 g - 4 scrolls of blinking {!r}
 i - a scroll of brand weapon
 j - a scroll of identify
 k - 5 scrolls of teleportation
 l - 11 scrolls of remove curse
 n - 6 scrolls of immolation {!r}
 q - 4 scrolls of magic mapping {!r}
 r - 2 scrolls of summoning
 A - 4 scrolls of amnesia
 E - 4 scrolls of fog
 G - a scroll of fear
 S - 2 scrolls of enchant weapon
Potions
 c - 7 potions of curing
 d - a potion of might
 h - 3 potions of brilliance
 m - a potion of ambrosia
 s - 3 potions of heal wounds
 t - 6 potions of agility
 v - 2 potions of magic
 w - 2 potions of resistance
 x - 2 potions of haste
 z - a potion of berserk rage {!q}
 P - a potion of flight {unknown}
Miscellaneous
 D - a crystal ball of energy
   (You found it on level 2 of the Orcish Mines)
 N - a lightning rod (3/4)
   (You found it on level 10 of the Dungeon)
Comestibles
 f - 6 rations


   Skills:
 - Level 13.9 Fighting
 - Level 12.0(12.9) Short Blades
 + Level 5.1(7.2) Long Blades
   Level 2.0 Maces & Flails
 - Level 10.4 Armour
 - Level 14.6 Dodging
 - Level 8.2 Stealth
 - Level 10.0 Shields
 - Level 14.7 Evocations


You had 15 spell levels left.
You didn't know any spells.
Your spell library contained the following spells:

 Spells                   Type           Power        Failure   Level  Hunger
 Beastly Appendage        Tmut           #.....       100%        1    ##.....
 Confusing Touch          Hex            #.....       100%        1    ##.....
 Corona                   Hex            #......      100%        1    ##.....
 Freeze                   Ice            #...         100%        1    ##.....
 Sting                    Conj/Pois      #...         100%        1    ##.....
 Ensorcelled Hibernation  Hex/Ice        #.....       100%        2    ###....
 Poisonous Vapours        Pois/Air       #.....       100%        2    ###....
 Sticks to Snakes         Tmut           #.......     100%        2    ###....
 Throw Frost              Conj/Ice       #.....       100%        2    ###....
 Confuse                  Hex            #.......     100%        3    ####...
 Dazzling Spray           Conj/Hex       #.....       100%        3    ####...
 Gell's Gravitas          Tloc           #.........   100%        3    ####...
 Mephitic Cloud           Conj/Pois/Air  #.......     100%        3    ####...
 Ozocubu's Armour         Chrm/Ice       #.......     100%        3    ####...
 Spider Form              Tmut/Pois      #.........   100%        3    ####...
 Static Discharge         Conj/Air       #.......     100%        3    ####...
 Tukima's Dance           Hex            #.......     100%        3    ####...
 Ice Form                 Ice/Tmut       #.......     100%        4    #####..
 Olgreb's Toxic Radiance  Pois           #.......     100%        4    #####..
 Petrify                  Tmut/Erth      #.......     100%        4    #####..
 Summon Ice Beast         Ice/Summ       #.......     100%        4    #####..
 Throw Icicle             Conj/Ice       #.......     100%        4    #####..
 Blade Hands              Tmut           #.........   100%        5    ######.
 Irradiate                Conj/Tmut      #.........   100%        5    ######.
 Lightning Bolt           Conj/Air       #.........   100%        5    ######.
 Metabolic Englaciation   Hex/Ice        #.........   100%        5    ######.
 Venom Bolt               Conj/Pois      #.........   100%        5    ######.
 Yara's Violent Unravell  Hex/Tmut       #.........   100%        5    ######.
 Hydra Form               Tmut           #.........   100%        6    #######
 Statue Form              Tmut/Erth      #........    100%        6    #######
 Dragon Form              Tmut           #.........   100%        7    #######
 Ignition                 Fire           #.........   100%        8    #######
 Shatter                  Erth           #.........   100%        9    #######
 Tornado                  Air            #.........   100%        9    #######


Dungeon Overview and Level Annotations

Branches:
Dungeon (15/15)            Temple (0/1) D:6            Lair (6/6) D:9
  Swamp (1/4) Lair:3        Snake (0/4) Lair:3        Slime (0/5) Lair:6
    Orc (2/2) D:10            Elf (0/3) Orc:2        Vaults (0/5) D:14
 Depths (0/5) D:15

Altars:
Cheibriados
Dithmenos
Fedhas
Gozag
Kikubaaqudgha
Makhleb
Nemelex Xobeh
Okawaru
Ru
Vehumet
Xom
The Shining One
Beogh

Shops:
D:9 *   D:10 }   D:12 =(}=   Orc:2 **[*

Annotations:
D:6 2 transporters, confidenceinterval's ghost, amateur GnWn
D:12 Ratty's ghost, journeyman DsFi
Lair:5 2 transporters, ohad's ghost, journeyman OgBe
Abyss:1 Erica; Gastronok; Ijyb; Nr616's ghost, journeyman MiGl; Sigmund


Innate Abilities, Weirdness & Mutations

You are small and have problems with some larger weapons.
You are carnivorous and can eat meat at any time.


Message History

A thorn hunter comes into view.
The thorn hunter gestures.
Thorny briars emerge from the ground!
You hit the thorn hunter but do no damage.
You block the thorn hunter's attack.
The thorn hunter hits you but does no damage.
You closely miss the thorn hunter.
The thorn hunter hits you but does no damage.
You block the thorn hunter's attack. The spiny frog barely misses you.
You riposte.
You slash the spiny frog! You freeze the spiny frog.
The thorn hunter completely misses you.
The thorn hunter hits you but does no damage.
You hit the spiny frog but do no damage.
The spiny frog stings you! You block the thorn hunter's attack.
The thorn hunter hits you!
You take 10 damage, and have 87/105 hp.
You now have 24/27 mp.
You slash the spiny frog! You freeze the spiny frog.
You block the spiny frog's attack.
The thorn hunter fires a volley of thorns at you.
The volley of thorns hits you!
You take 7 damage, and have 80/105 hp.
You now have 23/27 mp.
You hit the spiny frog.
The spiny frog seems to slow down.
You freeze the spiny frog. You block the spiny frog's attack.
You block the thorn hunter's attack. x2
You hit the spiny frog.
The spiny frog seems to slow down.
You freeze the spiny frog. The thorn hunter barely misses you. x2
You block the spiny frog's attack.
You hit the spiny frog.
The spiny frog seems to slow down.
You freeze the spiny frog. The thorn hunter misses you.
You riposte.
You closely miss the thorn hunter.
The thorn hunter hits you but does no damage.
The spiny frog stings you but does no damage.
You closely miss the spiny frog. You block the thorn hunter's attack. x2
You slash the spiny frog! You freeze the spiny frog.
You kill the spiny frog!
The thorn hunter fires a volley of thorns at you.
The volley of thorns hits you!! You block the thorn hunter's attack. x2
You are too injured to fight recklessly!
You are too injured to fight recklessly!
You take 25 damage, and have 55/105 hp.
MASSIVE DAMAGE!!
You now have 17/27 mp.
You slash the thorn hunter! You freeze the thorn hunter.
The thorn hunter closely misses you. You block the thorn hunter's attack.
You closely miss the thorn hunter.
The briar patch crumbles away. x3
The thorn hunter hits you but does no damage.
You block the thorn hunter's attack.
Your shield and plate armour of the Fiddle prevent you from hitting the thorn hunter.
The briar patch crumbles away. x2; You block the thorn hunter's attack.
The thorn hunter hits you!
You take 6 damage, and have 50/105 hp.
You now have 15/27 mp.
You hit the thorn hunter but do no damage.
The briar patch crumbles away.
The thorn hunter fires a volley of thorns at you.
The volley of thorns misses you.
Your plate armour of the Fiddle prevents you from hitting the thorn hunter.
You block the thorn hunter's attack. x2
You hit the thorn hunter but do no damage.
The thorn hunter becomes distracted by the nearby gold, dreaming of imaginary riches.
You strike the helpless thorn hunter from behind!
You hit the thorn hunter but do no damage.
The thorn hunter is no longer distracted by gold.
The thorn hunter hits you but does no damage.
You block the thorn hunter's attack.
The thorn hunter fires a volley of thorns at you.
The volley of thorns misses you.
You hit the thorn hunter. You freeze the thorn hunter.
The thorn hunter fires a volley of thorns at you.
The volley of thorns hits you!!
You take 18 damage, and have 33/105 hp.
You now have 11/27 mp.
You hit the thorn hunter. You freeze the thorn hunter.
The thorn hunter becomes distracted by the nearby gold, dreaming of imaginary riches.
You barely miss the thorn hunter.
The thorn hunter is no longer distracted by gold.
The thorn hunter hits you!
* * * LOW HITPOINT WARNING * * *
You block the thorn hunter's attack.
You take 7 damage, and have 27/105 hp.
You now have 9/27 mp.
Unknown command.
You feel very mighty all of a sudden.
The thorn hunter fires a volley of thorns at you.
The volley of thorns hits you.
* * * LOW HITPOINT WARNING * * *
You take 3 damage, and have 24/105 hp.
You now have 8/27 mp.
You hit the thorn hunter. You freeze the thorn hunter.
The thorn hunter fires a volley of thorns at you.
The volley of thorns misses you.
You slash the thorn hunter! You freeze the thorn hunter.
The thorn hunter hits you!
* * * LOW HITPOINT WARNING * * *
You block the thorn hunter's attack.
You take 7 damage, and have 17/105 hp.
You now have 6/27 mp.
You slice the thorn hunter!! You freeze the thorn hunter.
The thorn hunter hits you.
* * * LOW HITPOINT WARNING * * *
You block the thorn hunter's attack.
The thorn hunter fires a volley of thorns at you.
The volley of thorns hits you!!
You die...
Your body crumbles into a pile of gold.

♣♣ ♣♣ ≈♣ ♣♣♣≈♣♣♣♣♣♣♣
≈..≈♣≈♣ ♣≈≈≈......♣
≈≈≈.♣≈ ..≈≈≈≈!.♣ .≈≈.≈♣
♣≈≈≈≈≈.♣ .≈≈≈.♣♣
♣≈.≈≈f.♣ ≈≈≈≈[.♣♣
♣.$@♣♣♣♣♣ ≈≈≈≈≈≈.♣
♣≈≈≈....♣♣ ≈≈≈≈≈≈≈♣♣♣♣
♣♣≈≈...≈≈≈♣
...≈≈....≈♣♣♣≈..≈≈≈≈≈.♣
.≈≈..♣≈....≈♣.≈.≈≈≈≈.♣♣
........≈..♣♣.≈≈≈≈≈≈.♣
....≈≈≈≈≈≈.♣♣≈.....≈♣♣
≈...≈≈≈≈≈≈..♣♣♣..≈..♣♣
≈≈.≈≈≈.≈≈≈...♣≈≈≈.≈≈.♣


You could see a thorn hunter.

Vanquished Creatures
  A thorn hunter (Swamp:1)
  A rakshasa (D:15)
  7 hydras
  4 centaur warriors
  An ogre mage (Volcano)
  8 two-headed ogres
  A merfolk avatar (Lair:6)
  2 orc high priests (Orc:2)
  Urug (Lair:5)
  A skeletal warrior (D:15)
  2 unseen horrors
  A sea snake (Lair:6)
  4 orc knights (Orc:2)
  6 ugly things
  A wolf spider zombie (D:15)
  3 cyclopes
  3 orc sorcerers (Orc:2)
  2 manticores
  An elephant (Lair:6)
  4 black mambas
  A gargoyle (D:10)
  11 spiny frogs
  3 centaur skeletons
  A torpor snail (Lair:6)
  2 kobold demonologists (D:13)
  9 komodo dragons
  4 rime drakes (Lair:6)
  2 harpy zombies (D:15)
  9 trolls
  A wind drake (Lair:6)
  A polar bear (Lair:5)
  5 tyrant leeches (Swamp:1)
  A merfolk (shapeshifter) (D:15)
  5 hornets
  A merfolk (D:12)
  3 bog bodies (Swamp:1)
  A hornet (shapeshifter) (D:13)
  3 slime creatures (D:15)
  12 blink frogs
  4 hippogriffs
  A dream sheep (Lair:5)
  8 spriggans (Lair:5)
  3 wraiths
  A shadow (D:15)
  A vampire (D:13)
  39 yaks
  A basilisk (Lair:4)
  2 humans
  3 wyverns
  3 hogs (D:7)
  2 death yak simulacra (Lair:1)
  2 hungry ghosts
  4 vampire mosquitoes (D:14)
  4 swamp worms (Swamp:1)
  3 nagas (Lair:3)
  2 acid dragons
  A spectral spiny frog (Lair:1)
  16 water moccasins
  4 wargs (Orc:2)
  3 insubstantial wisps (Lair:3)
  7 soldier ants
  10 porcupines
  26 orc warriors
  A swamp drake (D:10)
  2 ice beasts
  2 sky beasts
  A black bear (D:13)
  A hornet zombie (D:15)
  3 phantoms
  18 ogres
  A necrophage (D:11)
  15 wolves
  6 boggarts
  8 centaurs
  13 crocodiles
  2 big kobolds
  15 bullfrogs
  2 wyvern zombies
  A water moccasin zombie (D:7)
  A wyvern skeleton (D:10)
  7 scorpions
  4 killer bees
  An electric eel (Lair:4)
  3 howler monkeys
  11 crimson imps
  2 bullfrog zombies
  5 hounds
  A quasit (D:11)
  3 centaur zombies
  7 jellies
  A komodo dragon simulacrum (Lair:1)
  21 orc wizards
  34 orc priests
  3 bullfrog skeletons
  7 iguanas
  30 worker ants
  A killer bee zombie (D:7)
  A hound skeleton (D:4)
  A mummy (D:15)
  2 worker ant zombies
  6 gnolls
  14 adders
  4 shadow imps
  3 oozes (Lair:6)
  2 adder skeletons
  2 worms
  2 dart slugs
  6 leopard geckos
  91 orcs
  5 bats
  9 giant cockroaches
  9 goblins
  9 hobgoblins
  6 jackals
  21 kobolds
  4 quokkas
  A ball python (D:6)
  6 frilled lizards
  3 jackal skeletons
  2 leopard gecko skeletons
  4 rats
725 creatures vanquished.

Vanquished Creatures (others)
  An orc warlord (Orc:2)
  A ghoul (D:15)
  An ettin (Orc:1)
  A vault guard (D:14)
  3 two-headed ogres
  A queen ant (Lair:2)
  A catoblepas (Lair:2)
  An orc high priest (Orc:2)
  An iron troll (D:14)
  A sea snake (Lair:6)
  A skeletal warrior (D:15)
  A spectral hydra (Lair:1)
  2 orc knights (Orc:2)
  A cyclops (D:14)
  2 orc sorcerers (Orc:2)
  4 ugly things
  An elephant (Lair:6)
  A black mamba (Lair:5)
  A centaur zombie (D:13)
  2 spiny frogs
  2 gargoyles (D:15)
  4 komodo dragons
  A hornet (D:13)
  3 polar bears (Lair:6)
  2 blink frogs
  3 trolls
  A hippogriff (Lair:3)
  5 slime creatures (D:15)
  2 spriggans (Lair:5)
  A wraith (D:14)
  18 yaks
  A death yak simulacrum (Lair:1)
  A basilisk (Lair:3)
  A hog (D:7)
  A hungry ghost (D:11)
  A naga (Lair:3)
  An insubstantial wisp (Lair:3)
  4 water moccasins
  An eye of draining (D:9)
  5 orc warriors
  2 phantoms
  A boggart (Lair:5)
  6 wolves
  2 ogres
  2 centaurs
  2 crocodiles
  3 bullfrogs (D:9)
  A killer bee (D:11)
  3 centaur skeletons
  2 hounds (D:9)
  3 orc priests
  A bullfrog skeleton (D:4)
  A jelly (D:5)
  7 orc wizards
  3 worker ants (Lair:2)
  5 orcs
  A kobold (D:7)
  3 briar patches (Swamp:1)
  A bush (Lair:4)
  26 fungi
  19 plants
  A withered plant (D:15)
181 creatures vanquished.

Grand Total: 906 creatures vanquished

Notes
Turn   | Place    | Note
-------+----------+-------------------------------------------
     0 | D:1      | mhoghedin the Kobold Fighter began the quest for the Orb.
     0 | D:1      | Reached XP level 1. HP: 14/14 MP: 1/1
   520 | D:1      | Reached XP level 2. HP: 19/19 MP: 2/2
   558 | D:1      | Reached skill level 2 in Maces & Flails
   960 | D:1      | Reached skill level 1 in Dodging
  1436 | D:1      | Reached XP level 3. HP: 23/23 MP: 3/3
  1488 | D:2      | Found a faded altar of an unknown god.
  1506 | D:2      | Became a worshipper of Gozag Ym Sagoz the Greedy
  1518 | D:2      | Reached skill level 1 in Short Blades
  1626 | D:2      | HP: 5/23 [adder (2)]
  1632 | D:2      | Reached skill level 2 in Short Blades
  1636 | D:2      | Reached XP level 4. HP: 12/28 MP: 4/4
  1656 | D:2      | Reached skill level 3 in Short Blades
  2004 | D:2      | Found an opulent altar of Gozag.
  2059 | D:2      | Noticed Sigmund
  2075 | D:2      | Banished Sigmund
  2075 | D:2      | Reached skill level 6 in Short Blades
  2075 | D:2      | Reached XP level 5. HP: 14/32 MP: 5/5
  2075 | D:2      | Reached XP level 6. HP: 16/37 MP: 6/6
  2771 | D:3      | Reached skill level 7 in Short Blades
  2947 | D:3      | Noticed an ogre
  3111 | D:3      | Killed an ogre
  3111 | D:3      | Reached XP level 7. HP: 37/41 MP: 7/7
  3566 | D:4      | Found a shadowy altar of Dithmenos.
  3612 | D:4      | Reached skill level 8 in Short Blades
  3779 | D:4      | Reached skill level 9 in Short Blades
  3988 | D:4      | Reached skill level 10 in Short Blades
  3988 | D:4      | Reached XP level 8. HP: 25/46 MP: 8/8
  4357 | D:5      | Entered Level 5 of the Dungeon
  4659 | D:5      | Noticed Ijyb
  4678 | D:5      | Banished Ijyb
  4873 | D:5      | Reached skill level 11 in Short Blades
  4921 | D:5      | Reached skill level 12 in Short Blades
  4937 | D:5      | Got a tattered robe
  4948 | D:5      | Identified the +1 robe of Absence {rC- Str+5 Dex+3} (You
                  | found it on level 5 of the Dungeon)
  5108 | D:5      | Found a snail-covered altar of Cheibriados.
  5155 | D:6      | Found an ancient bone altar of Kikubaaqudgha.
  5180 | D:6      | Reached skill level 1 in Stealth
  5256 | D:6      | Noticed a hornet
  5265 | D:6      | Found a staircase to the Ecumenical Temple.
  5305 | D:6      | Found a transporter.
  5305 | D:6      | Found a transporter.
  5305 | D:6      | Noticed confidenceinterval's ghost (amateur GnWn)
  5330 | D:6      | Reached skill level 2 in Dodging
  5330 | D:6      | Reached XP level 9. HP: 52/52 MP: 9/9
  5541 | D:6      | Reached skill level 4 in Fighting
  5541 | D:6      | Reached skill level 2 in Stealth
  5541 | D:6      | Reached skill level 3 in Shields
  5547 | D:6      | Found a radiant altar of Vehumet.
  5549 | D:6      | Found a shimmering altar of Xom.
  5549 | D:6      | Found a blossoming altar of Fedhas.
  5550 | D:6      | Found a glowing golden altar of the Shining One.
  5550 | D:6      | Found an iron altar of Okawaru.
  5550 | D:6      | Found a sparkling altar of Nemelex Xobeh.
  5645 | D:6      | Found a burning altar of Makhleb.
  6057 | D:7      | Reached skill level 3 in Dodging
  6057 | D:7      | Reached skill level 3 in Stealth
  6188 | D:7      | Identified the cursed +3 falchion "Hulk" {venom, rF- MR++
                  | Str+4 Dex+4}
  6335 | D:7      | Reached skill level 4 in Stealth
  6345 | D:7      | HP: 10/53 [hog (7)]
  6354 | D:7      | Reached skill level 5 in Fighting
  6357 | D:7      | Reached skill level 4 in Dodging
  6374 | D:7      | Reached skill level 4 in Shields
  6473 | D:7      | Reached skill level 5 in Stealth
  6699 | D:7      | Reached XP level 10. HP: 60/60 MP: 10/10
  6829 | D:8      | Reached skill level 5 in Dodging
  6889 | D:8      | Reached skill level 6 in Stealth
  6891 | D:8      | Reached skill level 6 in Fighting
  7353 | D:8      | Noticed a cyclops
  7374 | D:8      | Reached skill level 7 in Stealth
  7381 | D:8      | Got an opalescent robe
  7395 | D:8      | Identified the +1 robe "Poxured" {+Fly rF- Int+3 Dex+4}
                  | (You found it on level 8 of the Dungeon)
  7411 | D:8      | HP: 13/61 [cyclops (25)]
  7412 | D:8      | Killed a cyclops
  7412 | D:8      | Reached skill level 6 in Dodging
  7412 | D:8      | Reached skill level 5 in Shields
  7568 | D:8      | Got an ichor-stained plate armour
  7574 | D:8      | Identified the +7 plate armour of the Fiddle {Int+2 Dex+2}
                  | (You found it on level 8 of the Dungeon)
  7893 | D:8      | Found a sacrificial altar of Ru.
  7966 | D:9      | Reached skill level 7 in Fighting
  8085 | D:9      | Found a staircase to the Lair.
  8094 | D:9      | Reached skill level 3 in Armour
  8257 | D:9      | Reached skill level 7 in Dodging
  8405 | D:9      | Reached XP level 11. HP: 52/67 MP: 11/11
  8486 | D:9      | Found Ybruh's Demolitions Depot.
  8503 | D:9      | Bought a manual of Evocations for 1435 gold pieces
  8751 | D:9      | Reached skill level 1 in Evocations
  8776 | D:9      | Reached skill level 2 in Evocations
  8959 | Lair:1   | Entered Level 1 of the Lair of Beasts
  9043 | Lair:1   | Noticed Erica
  9046 | Lair:1   | Reached skill level 3 in Evocations
  9115 | Lair:1   | Reached skill level 4 in Armour
  9132 | Lair:1   | Reached skill level 4 in Evocations
  9163 | Lair:1   | Reached skill level 6 in Shields
  9163 | Lair:1   | Reached skill level 5 in Evocations
  9175 | Lair:1   | Reached skill level 8 in Fighting
  9314 | Lair:1   | Found a runed translucent gate.
  9314 | Lair:1   | Found a runed translucent gate.
  9321 | Lair:1   | Found a runed translucent gate.
  9322 | Lair:1   | Noticed Nr616's ghost (journeyman MiGl)
  9376 | Lair:1   | Banished Erica
  9505 | Lair:1   | Reached skill level 8 in Dodging
  9505 | Lair:1   | Reached skill level 6 in Evocations
 10089 | Lair:1   | Banished Nr616's ghost
 10089 | Lair:1   | Reached skill level 5 in Armour
 10089 | Lair:1   | Reached skill level 7 in Evocations
 10111 | Lair:1   | HP: 13/69 [spectral spiny frog (7)]
 10429 | Lair:2   | Reached XP level 12. HP: 71/75 MP: 17/17
 10542 | Lair:2   | Reached skill level 8 in Evocations
 10662 | Lair:2   | Reached skill level 9 in Fighting
 10683 | Lair:2   | Reached skill level 9 in Dodging
 10852 | Lair:2   | Noticed a catoblepas
 10875 | Lair:2   | Banished a catoblepas
 11055 | Lair:2   | Reached skill level 7 in Shields
 11129 | Lair:2   | Noticed a queen ant
 11171 | Lair:2   | Reached skill level 9 in Evocations
 11279 | Lair:2   | Banished a queen ant
 11478 | Lair:3   | Found a staircase to the Swamp.
 11561 | Lair:3   | Reached skill level 6 in Armour
 11888 | Lair:3   | Found a dark tunnel.
 11897 | Volcano  | Entered a volcano
 11913 | Volcano  | Noticed an ogre mage
 11921 | Volcano  | Killed an ogre mage
 11931 | Volcano  | Found a radiant altar of Vehumet.
 11932 | Volcano  | Noticed a red draconian
 11935 | Volcano  | Noticed a two-headed ogre
 11972 | Lair:3   | Found a staircase to the Snake Pit.
 12142 | Lair:2   | Upgraded the game from 0.23-a0-899-gbbae0a3 to
                  | 0.24-a0-29-g43a6aff
 12238 | Lair:3   | Reached skill level 10 in Evocations
 12597 | Lair:3   | Reached skill level 10 in Dodging
 12930 | Lair:3   | Reached XP level 13. HP: 43/82 MP: 20/20
 13232 | Lair:4   | Reached skill level 10 in Fighting
 13294 | Lair:3   | HP: 20/82 [poisoned by a water moccasin]
 13300 | Lair:3   | HP: 18/82 [poisoned by a water moccasin]
 13306 | Lair:3   | HP: 18/82 [poisoned by a water moccasin]
 13314 | Lair:3   | HP: 18/82 [poisoned by a water moccasin]
 13697 | Lair:4   | Noticed a five-headed hydra
 14626 | Lair:4   | Reached skill level 8 in Shields
 14935 | Lair:4   | Reached skill level 7 in Armour
 15238 | Lair:5   | Reached skill level 11 in Dodging
 15619 | Lair:5   | Found a transporter.
 15619 | Lair:5   | Noticed ohad's ghost (journeyman OgBe)
 15622 | Lair:5   | Found a transporter.
 16159 | Lair:5   | Reached skill level 11 in Fighting
 16752 | Lair:5   | Noticed Urug
 16840 | Lair:4   | Killed a five-headed hydra
 17084 | Lair:5   | Killed Urug
 17324 | Lair:6   | Entered Level 6 of the Lair of Beasts
 17426 | Lair:6   | Found a staircase to the Slime Pits.
 17708 | Lair:6   | Reached XP level 14. HP: 81/90 MP: 22/22
 17824 | Lair:6   | Reached skill level 8 in Armour
 17824 | Lair:6   | Reached skill level 9 in Shields
 18135 | Lair:6   | Reached skill level 12 in Dodging
 18387 | Lair:6   | Paralysed by a hornet for 1 turns
 18418 | Lair:6   | HP: 22/91 [poisoned by a spiny frog]
 18423 | Lair:6   | HP: 20/91 [poisoned by a spiny frog]
 18428 | Lair:6   | HP: 18/91 [poisoned by a spiny frog]
 18433 | Lair:6   | HP: 17/91 [poisoned by a spiny frog]
 18440 | Lair:6   | HP: 17/91 [poisoned by a spiny frog]
 18448 | Lair:6   | HP: 17/91 [poisoned by a spiny frog]
 18929 | Lair:6   | HP: 22/91 [poisoned by a sea snake]
 18935 | Lair:6   | HP: 20/91 [poisoned by a sea snake]
 18943 | Lair:6   | HP: 19/91 [poisoned by a sea snake]
 18951 | Lair:6   | HP: 19/91 [poisoned by a sea snake]
 19615 | Lair:6   | HP: 14/91 [drowned by a drowned soul[a merfolk avatar]
                  | (16)]
 19616 | Lair:6   | HP: 3/91 [drowned by a drowned soul[a merfolk avatar] (11)]
 19949 | D:10     | Entered Level 10 of the Dungeon
 20267 | D:10     | Found a staircase to the Orcish Mines.
 20413 | D:10     | Got a smoking bone amulet
 20466 | D:10     | Reached skill level 12 in Fighting
 20571 | D:10     | Reached skill level 8 in Stealth
 20660 | D:10     | Found Fateopu's Gadget Boutique.
 20693 | D:10     | Identified the amulet "Duoqalusk" {Spirit Fragile +Blink
                  | rN+} (You found it on level 10 of the Dungeon)
 20970 | D:11     | Found a snail-covered altar of Cheibriados.
 21627 | D:11     | You fall through a shaft!
 21714 | D:12     | Reached skill level 11 in Evocations
 21754 | D:12     | Found Extorr's Jewellery Boutique.
 21778 | D:12     | Bought the ring "Deekh" {rC+ Str+2 SInv Stlth+} for 399
                  | gold pieces
 21800 | D:12     | Noticed Gastronok
 21802 | D:12     | Noticed Gastronok
 21802 | D:12     | Gastronok changed into Gastronok the shard shrike
 21807 | D:12     | Found Iqony's Gadget Boutique.
 21810 | D:12     | Banished Gastronok the shard shrike
 21857 | D:12     | Found a runed translucent door.
 21858 | D:12     | Noticed Ratty's ghost (journeyman DsFi)
 21890 | D:12     | Noticed Sonja
 21892 | D:12     | Noticed Sonja
 21892 | D:12     | Sonja changed into Sonja the human
 21904 | D:12     | Killed Sonja the human
 21959 | D:12     | Found Rycenluxt's Jewellery Boutique.
 21978 | D:12     | Found Leza's Antique Weapon Shop.
 22051 | D:12     | Bought a brightly glowing short sword for 240 gold pieces
 22240 | D:12     | Found a shadowy altar of Dithmenos.
 22365 | D:13     | Reached XP level 15. HP: 87/97 MP: 23/23
 22598 | D:13     | Found an opulent altar of Gozag.
 22664 | D:13     | Reached skill level 13 in Dodging
 22692 | D:13     | Reached skill level 9 in Armour
 22832 | D:13     | Reached skill level 12 in Evocations
 23130 | D:13     | Reached skill level 10 in Shields
 23131 | D:13     | Identified the +8 short sword "Ler Buza" {freeze, rF+ rC+
                  | Dex+3} (You bought it in a shop on level 12 of the Dungeon)
 23154 | D:13     | Identified a scroll of acquirement
 23201 | D:13     | Found a shimmering altar of Xom.
 23443 | D:12     | Bought an uncursed ring of protection from magic for 350
                  | gold pieces
 23641 | D:14     | Found a sparkling altar of Nemelex Xobeh.
 24243 | D:14     | Reached skill level 13 in Evocations
 24361 | D:14     | Reached skill level 13 in Fighting
 24370 | D:14     | Found a gate to the Vaults.
 24527 | D:15     | Entered Level 15 of the Dungeon
 24817 | D:15     | Noticed a ghoul
 25751 | D:15     | HP: 23/99 [swamp dragon (shapeshifter)] (3)]
 25752 | D:15     | HP: 8/99 [poisoned by a swamp dragon (poison gas)]
 26454 | D:15     | Found a staircase to the Depths.
 26458 | D:15     | Banished a ghoul
 26458 | D:15     | Reached skill level 14 in Dodging
 26601 | D:15     | Reached skill level 14 in Evocations
 26782 | D:12     | Bought the ring "Siann" {Ice rPois Dex+6 Stlth-} for 663
                  | gold pieces
 26916 | Orc:1    | Entered Level 1 of the Orcish Mines
 27034 | Orc:1    | Reached XP level 16. HP: 96/104 MP: 23/26
 27108 | Orc:1    | Reached skill level 10 in Armour
 27475 | Orc:2    | Entered Level 2 of the Orcish Mines
 28520 | Orc:1    | Bought a ration for 65 gold pieces
 28520 | Orc:1    | Bought a ration for 65 gold pieces
 28520 | Orc:1    | Bought a ration for 65 gold pieces
 28520 | Orc:1    | Bought a ration for 65 gold pieces
 28520 | Orc:1    | Bought a ration for 65 gold pieces
 28520 | Orc:1    | Bought a ration for 65 gold pieces
 28520 | Orc:1    | Bought a ration for 65 gold pieces
 28520 | Orc:1    | Bought a ration for 65 gold pieces
 28520 | Orc:1    | Bought a ration for 65 gold pieces
 28520 | Orc:1    | Bought a ration for 65 gold pieces
 28928 | Orc:2    | Found a roughly hewn altar of Beogh.
 28993 | Orc:2    | Found Irumpeov's Assorted Antiques.
 29004 | Orc:2    | Found Suit's General Store.
 29228 | Orc:2    | Found a roughly hewn altar of Beogh.
 29248 | Orc:2    | Found Paqunuackifa's Antique Armour Emporium.
 29548 | Orc:2    | Bought a pair of runed gloves for 172 gold pieces
 29548 | Orc:2    | Bought a runed shield for 172 gold pieces
 29587 | Orc:2    | Found Tiar's Assorted Antiques.
 30236 | Orc:2    | Found a staircase to the Elven Halls.
 30367 | Orc:2    | Bought the +0 mask of the Dragon {MR+ Slay+3 SInv} for 1235
                  | gold pieces
 30367 | Orc:2    | Found the +0 mask of the Dragon {MR+ Slay+3 SInv}
 30421 | Orc:2    | Bought a brightly glowing falchion for 296 gold pieces
 30421 | Orc:2    | Bought a potion of curing for 111 gold pieces
 30422 | Orc:2    | Identified the +6 falchion of the Endless Expanse {freeze,
                  | rC++ MR++ Dex-3} (You bought it in a shop on level 2 of the
                  | Orcish Mines)
 30634 | Orc:2    | Reached skill level 1 in Long Blades
 30964 | Lair:6   | Reached skill level 2 in Long Blades
 31303 | Lair:6   | Reached skill level 3 in Long Blades
 31459 | Lair:6   | Paralysed by a hornet for 1 turns
 31991 | Swamp:1  | Entered Level 1 of the Swamp
 32158 | Swamp:1  | Reached skill level 4 in Long Blades
 32445 | Swamp:1  | Noticed a thorn hunter
 32478 | Swamp:1  | Killed a thorn hunter
 32478 | Swamp:1  | Reached skill level 5 in Long Blades
 32576 | Swamp:1  | Noticed a thorn hunter
 32596 | Swamp:1  | HP: 24/105 [thorn hunter/volley of thorns (3)]
 32599 | Swamp:1  | Killed from afar by a thorn hunter

Vault maps used:
D:1:      lemuel_arrival_tunnels, serial_forest, infiniplex_forest_straight_5,
          infiniplex_forest_end_1, infiniplex_forest_lined_room_2,
          infiniplex_forest_zigzag_1, infiniplex_forest_straight_3,
          infiniplex_forest_straight_5, infiniplex_forest_straight_2,
          infiniplex_forest_lined_2, infiniplex_forest_lined_3,
          minmay_statues_item, grunt_decor_resistance
D:2:      lemuel_crystal_altar, chequers_ecumenical_altar_simple,
          minmay_octomino_c4, uniq_sigmund
D:4:      grunt_dithmenos_smoke_and_mirrors, minmay_misc_feat_more_columns,
          minmay_misc_feat_four_crosses, minivault_23
D:5:      cheibrodos_worm_habitat, first_ration, corexii_shack, st_stairs_6,
          minmay_fractal_squares_diagonal_5, uniq_ijyb
D:6:      overflow_temple_1_default, lemuel_coloured_pillars_altar,
          grunt_temple_overflow_open, minmay_temple_entry_ruins,
          gammafunk_ghost_arena
D:7:      minmay_clustersquares, serial_bayou_pond_d, grunt_livestock
D:8:      kennysheep_mini_moat
D:9:      minmay_thinvault, due_lair_maze_entry_diamond, nicolae_blasting_shop
D:10:     erik_orc_1, serial_shops, kennysheep_mini, hangedman_decor_riveting
D:11:     basic_altar
D:12:     basic_altar, gammafunk_ghost_grave, serial_shops, shop, shop, shop,
          shop, uniq_sonja, uniq_gastronok
D:13:     drop_trap, hangedman_feature_mirror, minivault_16
D:14:     david_vaults_4, hangedman_abyss_or_decor_passed, nemelex_altar_shiori
D:15:     gammafunk_enter_depths_forms, chequers_serial_rivers_large_a,
          serial_undead, serial_undead_a, serial_undead_b, serial_undead_a,
          serial_undead_f
Lair:1:   gammafunk_ghost_necromancy, uniq_erica
Lair:2:   zaba_antful_of_joy, grunt_megastairs_3
Lair:3:   minmay_swamp_entry_wisps, minmay_snake_entry_guardpost_small,
          nicolae_volcano_entry_lava_flow, serial_bayou_shore_a
Lair:4:   grunt_megastairs_1
Lair:5:   kb_forest_paths, gammafunk_ghost_arena, lemuel_fruit_tree, uniq_urug
Lair:6:   gammafunk_lair_ancient_temple, nicolae_slime_entry_slimehenge,
          st_stairs_11, nicolae_lair_grove_arrangements
Swamp:1:  hangedman_swamp_cone
Orc:2:    pubby_orc_utopia
Volcano:  kennysheep_volcano_temple

Skill      XL: |  1  2  3  4  5  6  7  8  9 10 11 12 13 14 15 16 |
---------------+-------------------------------------------------+-----
Maces & Flails | 2 |  2.0
Dodging        | 1 2 4 7 8 10 11 12 14 | 14.6
Short Blades   | 2 6 7 10 12 | 12.0
Stealth        | 1 5 7 8 |  8.2
Fighting       | 5 7 8 9 11 12 13 | 13.9
Shields        | 4 5 6 7 8 9 10 | 10.0
Armour         | 3 5 6 7 8 9 10 | 10.4
Evocations     | 7 10 11 14 | 14.7
Long Blades    | 5 |  5.1

Action                   |  1- 3 |  4- 6 |  7- 9 | 10-12 | 13-15 | 16-18 || total
-------------------------+-------+-------+-------+-------+-------+-------++-------
Melee: Flail             |    72 |       |       |       |       |       ||    72
       Short sword       |    46 |    78 |   357 |   905 |  2252 |   637 ||  4275
       Falchion          |       |       |       |       |       |   293 ||   293
       Dagger            |       |       |       |       |       |    28 ||    28
Invok: Potion Petition   |     1 |       |       |       |       |       ||     1
       Call Merchant     |       |       |       |       |       |     1 ||     1
Evoke: Wand              |       |       |       |    12 |    16 |     5 ||    33
       Phantom mirror    |       |       |       |       |     1 |       ||     1
       Lightning rod     |       |       |       |       |       |     5 ||     5
  Use: Potion            |     1 |       |     2 |     3 |     6 |     1 ||    13
       Scroll            |       |       |    18 |    13 |    17 |     9 ||    57
 Stab: Invisible         |     3 |       |       |       |       |       ||     3
       Sleeping          |       |       |     9 |     4 |       |       ||    13
       Distracted        |       |       |     3 |     5 |     6 |     4 ||    18
       Confused          |       |       |       |       |     1 |       ||     1
  Eat: Ration            |     1 |     2 |     6 |    11 |    25 |    10 ||    55
Armor: Scale mail        |    59 |    13 |    34 |       |       |       ||   106
       Robe              |       |       |    17 |     4 |       |       ||    21
       Skin              |       |       |     6 |       |       |       ||     6
       Plate armour      |       |       |       |   207 |   601 |   228 ||  1036
Dodge: Dodged            |    52 |    23 |    65 |   176 |   720 |   329 ||  1365
Block: Shield            |    63 |    23 |   104 |   250 |   633 |   245 ||  1318
       Buckler           |       |       |       |       |   221 |   172 ||   393
       Rpst.: Falchion   |       |       |       |       |       |    32 ||    32

Table legend:
 A = Non-vault XP
 B = Vault XP
 C = Vault XP percentage of total XP
 D = Non-vault monster count
 E = Vault monster count
 F = Vault count percentage of total count
                 A         B        C        D         E       F
            +---------+---------+-------+---------+---------+-------
      Total |   83293 |   57246 |  40.7 |     514 |     345 |  40.2
            +---------+---------+-------+---------+---------+-------
        D:1 |      30 |       0 |   0.0 |      16 |       0 |   0.0
        D:2 |      44 |     213 |  82.9 |      17 |       8 |  32.0
        D:3 |     240 |       0 |   0.0 |      18 |       0 |   0.0
        D:4 |     525 |       0 |   0.0 |      23 |       0 |   0.0
        D:5 |     294 |     490 |  62.5 |       9 |       9 |  50.0
        D:6 |     231 |       0 |   0.0 |       9 |       0 |   0.0
        D:7 |     710 |    1149 |  61.8 |      26 |      10 |  27.8
        D:8 |    1923 |       0 |   0.0 |      32 |       0 |   0.0
        D:9 |     965 |    1572 |  62.0 |      14 |      24 |  63.2
       D:10 |    4175 |     573 |  12.1 |      30 |      17 |  36.2
       D:11 |    2744 |       0 |   0.0 |      27 |       0 |   0.0
       D:12 |    4688 |    3391 |  42.0 |      16 |       2 |  11.1
       D:13 |    9410 |     894 |   8.7 |      32 |       6 |  15.8
       D:14 |    8187 |    1350 |  14.2 |      31 |       2 |   6.1
       D:15 |    7581 |    6269 |  45.3 |      26 |      16 |  38.1
     Lair:1 |    4898 |    2548 |  34.2 |      26 |       9 |  25.7
     Lair:2 |    3435 |    2624 |  43.3 |      15 |      31 |  67.4
     Lair:3 |    4119 |    1209 |  22.7 |      18 |       8 |  30.8
     Lair:4 |    5956 |    1064 |  15.2 |      31 |       5 |  13.9
     Lair:5 |    4719 |    4174 |  46.9 |      25 |      20 |  44.4
     Lair:6 |    7369 |   10054 |  57.7 |      36 |      32 |  47.1
    Swamp:1 |    7610 |       0 |   0.0 |      16 |       0 |   0.0
      Orc:1 |    3440 |       3 |   0.1 |      21 |       1 |   4.5
      Orc:2 |       0 |   18741 | 100.0 |       0 |     144 | 100.0
    Volcano |       0 |     928 | 100.0 |       0 |       1 | 100.0
            +---------+---------+-------+---------+---------+-------

Vault maps used:
D:1:      lemuel_arrival_tunnels, serial_forest, infiniplex_forest_straight_5,
          infiniplex_forest_end_1, infiniplex_forest_lined_room_2,
          infiniplex_forest_zigzag_1, infiniplex_forest_straight_3,
          infiniplex_forest_straight_5, infiniplex_forest_straight_2,
          infiniplex_forest_lined_2, infiniplex_forest_lined_3,
          minmay_statues_item, grunt_decor_resistance
D:2:      lemuel_crystal_altar, chequers_ecumenical_altar_simple,
          minmay_octomino_c4, uniq_sigmund
D:4:      grunt_dithmenos_smoke_and_mirrors, minmay_misc_feat_more_columns,
          minmay_misc_feat_four_crosses, minivault_23
D:5:      cheibrodos_worm_habitat, first_ration, corexii_shack, st_stairs_6,
          minmay_fractal_squares_diagonal_5, uniq_ijyb
D:6:      overflow_temple_1_default, lemuel_coloured_pillars_altar,
          grunt_temple_overflow_open, minmay_temple_entry_ruins,
          gammafunk_ghost_arena
D:7:      minmay_clustersquares, serial_bayou_pond_d, grunt_livestock
D:8:      kennysheep_mini_moat
D:9:      minmay_thinvault, due_lair_maze_entry_diamond, nicolae_blasting_shop
D:10:     erik_orc_1, serial_shops, kennysheep_mini, hangedman_decor_riveting
D:11:     basic_altar
D:12:     basic_altar, gammafunk_ghost_grave, serial_shops, shop, shop, shop,
          shop, uniq_sonja, uniq_gastronok
D:13:     drop_trap, hangedman_feature_mirror, minivault_16
D:14:     david_vaults_4, hangedman_abyss_or_decor_passed, nemelex_altar_shiori
D:15:     gammafunk_enter_depths_forms, chequers_serial_rivers_large_a,
          serial_undead, serial_undead_a, serial_undead_b, serial_undead_a,
          serial_undead_f
Lair:1:   gammafunk_ghost_necromancy, uniq_erica
Lair:2:   zaba_antful_of_joy, grunt_megastairs_3
Lair:3:   minmay_swamp_entry_wisps, minmay_snake_entry_guardpost_small,
          nicolae_volcano_entry_lava_flow, serial_bayou_shore_a
Lair:4:   grunt_megastairs_1
Lair:5:   kb_forest_paths, gammafunk_ghost_arena, lemuel_fruit_tree, uniq_urug
Lair:6:   gammafunk_lair_ancient_temple, nicolae_slime_entry_slimehenge,
          st_stairs_11, nicolae_lair_grove_arrangements
Swamp:1:  hangedman_swamp_cone
Orc:2:    pubby_orc_utopia
Volcano:  kennysheep_volcano_temple

Table legend:
 A = Turns spent in this place as a percentage of turns spent in the entire game.
 B = Non-inter-level travel turns spent in this place as a percentage of non-inter-level travel turns spent in the entire game.
 C = Inter-level travel turns spent in this place as a percentage of turns spent in this place.
 D = Turns resting spent in this place as a percentage of non-inter-level travel turns spent in this place.
 E = Turns spent auto-exploring this place as a percentage of non-inter-level travel turns spent in this place.
 F = Non-inter-level travel turns spent in this place divided by the number of levels of this place that you've seen.
                   A       B       C       D       E      F
               +-------+-------+-------+-------+-------+----------------------
         Total | 100.0 | 100.0 |   5.1 |  24.3 |  46.0 | 1237.0
       Dungeon |  49.7 |  49.7 |   5.2 |  18.3 |  53.6 | 1023.6
          Lair |  36.2 |  36.1 |   5.3 |  34.0 |  37.0 | 1862.8
         Swamp |   1.9 |   2.0 |   0.2 |  19.1 |  42.3 | 607.0
  Orcish Mines |  12.1 |  12.0 |   5.2 |  20.9 |  42.4 | 1862.0
       Volcano |   0.2 |   0.2 |   0.0 |   0.0 |   0.0 |  62.0
               +-------+-------+-------+-------+-------+----------------------

Table legend:
 A = Kills in this place as a percentage of kills in entire the game.
 B = Kills by you in this place as a percentage of kills by you in the entire game.
 C = Kills by friends in this place as a percentage of kills by friends in the entire game.
 D = Other kills in this place as a percentage of other kills in the entire game.
 E = Experience gained in this place as a percentage of experience gained in the entire game.
 F = Experience gained in this place divided by the number of levels of this place that you have seen.
                   A       B       C       D       E      F
               +-------+-------+-------+-------+-------+----------------------
         Total | 100.0 | 100.0 |   N/A | 100.0 | 100.0 | 5621.6
       Dungeon |  48.9 |  49.9 |   N/A |  43.3 |  41.0 | 3843.2
          Lair |  29.8 |  28.0 |   N/A |  39.6 |  37.1 | 8694.8
         Swamp |   1.9 |   2.2 |   N/A |   0.0 |   5.4 | 7610.0
  Orcish Mines |  19.3 |  19.7 |   N/A |  17.2 |  15.8 | 11092.0
       Volcano |   0.1 |   0.1 |   N/A |   0.0 |   0.7 | 928.0
               +-------+-------+-------+-------+-------+----------------------
